 Dungeon Crawl Stone Soup version 0.27.1-3-gb3d3a73c9e (console) character file.

Game seed: 10362935898459719216

23876 om the Severer (level 12, -7/105 HPs)
             Began as a Minotaur Berserker on Oct 12, 2021.
             Was a High Priest of Trog.
             Mangled by a deep elf knight (12 damage)
             ... on level 13 of the Dungeon on Oct 13, 2021.
             The game lasted 00:29:44 (14123 turns).

om the Severer (Minotaur Berserker)                Turns: 14123, Time: 00:29:44

Health: -7/105     AC: 18    Str: 31    XL:     12   Next: 75%
Magic:  11/11      EV: 12    Int:  8    God:    Trog [*****.]
Gold:   795        SH:  6    Dex: 11    Spells: 11/11 levels left

rFire    . . .     SeeInvis .   g - +2 hand axe (flame)
rCold    + . .     Faith    .   I - +2 buckler {reflect}
rNeg     . . .     Spirit   .   C - +3 chain mail {rC+}
rPois    .         Reflect  +   y - +0 hat {Int+3}
rElec    .         Harm     .   h - scarf {+Inv}
rCorr    .         Rampage  .   q - +0 pair of gloves
Will     +....                  m - +1 pair of boots
Stlth    ..........             (no amulet)
HPRegen  0.27/turn              l - ring of flight
MPRegen  0.12/turn              B - ring of Caungior {Will+ Str+6}

@: on berserk cooldown, flying, very slightly contaminated, slowed, invisible,
very slow
A: horns 2, retaliatory headbutt
a: Renounce Religion, Evoke Invisibility, Berserk, Trog's Hand, Brothers in Arms


You were on level 13 of the Dungeon.
You worshipped Trog.
Trog was extremely pleased with you.
You visited 2 branches of the dungeon, and saw 14 of its levels.
You also visited: Gauntlet.

You collected 795 gold pieces.

Inventory:

Hand Weapons
 a - a +1 hand axe of freezing
 g - a +2 hand axe of flaming (weapon)
Missiles
 D - 8 silver javelins (quivered)
 J - 7 boomerangs of dispersal
Armour
 h - a scarf of invisibility (worn)
 m - a +1 pair of boots (worn)
 q - a +0 pair of gloves (worn)
 y - a +0 hat of intelligence (worn)
 C - a +3 chain mail of cold resistance (worn)
 F - the +8 tower shield of the Lost Path {Dex+2}
   (You took it off a minotaur in a Gauntlet)

   Dex:       It affects your dexterity (+2).
 I - a +2 buckler of reflection (worn)
Jewellery
 f - a +6 ring of dexterity
 l - a ring of flight (left hand)
 t - a ring of ice
 v - a ring of fire
 w - a +4 ring of evasion
 B - the ring of Caungior (right hand) {Will+ Str+6}
   (You found it in a Gauntlet)

   [ring of willpower]

   Str:       It affects your strength (+6).
   Will:      It increases your willpower.
Wands
 e - a wand of flame (21)
 j - a wand of paralysis (12)
 o - a wand of iceblast (15)
 s - a wand of digging (14)
 G - a wand of charming (5)
Scrolls
 d - 2 scrolls of identify
 i - 2 scrolls of magic mapping
 p - 6 scrolls of teleportation
 r - 2 scrolls of enchant weapon
 u - 2 scrolls of enchant armour
 x - a scroll of brand weapon
Potions
 b - 4 potions of might
 c - 2 potions of resistance
 A - a potion of haste


   Skills:
 + Level 9.4 Fighting
 + Level 16.5 Axes
 - Level 10.0 Armour
 - Level 10.0 Dodging
 + Level 4.0 Shields
 - Level 7.0 Evocations


You had 11 spell levels left.
You didn't know any spells.
Your spell library was empty.

Dungeon Overview and Level Annotations

Branches:
Dungeon (13/15)            Temple (0/1) D:6            Lair (0/6) D:8
    Orc (1/2) D:9         Gauntlet (visited)
 Vaults: D:13-14

Altars:
Ashenzari
Elyvilon
Nemelex Xobeh
Uskayaw
Yredelemnul
The Shining One

Shops:
D:6 :

Annotations:
D:4 1 runed translucent door


Innate Abilities, Weirdness & Mutations

You have a pair of horns on your head.
You reflexively headbutt those who attack you in melee.


Message History

The shard of ice misses you.
The shard of ice hits the ogre!!!
The ogre dies!
Things that are here:
a +0 long sword; a +2 leather armour of fire resistance A kobold demonologist comes into view.
It is wielding a +0 dagger.
You feel a strong urge to attack something.
The kobold demonologist shouts!
You hear two shouts!
You hear some strange, mumbled words.
A shard of ice appears from out of thin air!
The shard of ice misses you.
You hear a shout!
Things that are here:
a +0 giant club; an ogre corpse You are no longer berserk.
You are exhausted.
You feel yourself slow down.
The deep elf zephyrmancer mumbles some strange words.
The deep elf zephyrmancer blinks!
Things that are here:
a +0 long sword; a +2 leather armour of fire resistance You fade into invisibility!
Something hits you!
* * * LOW HITPOINT WARNING * * *
Something hits you.
* * * LOW HITPOINT WARNING * * *
You are very lightly contaminated with residual magic.
Okay, then.
As you read the scroll of fog, it crumbles to dust.
The scroll dissolves into smoke.
You block something's attack.
You block the deep elf zephyrmancer's attack.
Something hits you but does no damage. The deep elf zephyrmancer misses you.
You completely miss something. Your headbutt misses something.
You barely miss the deep elf zephyrmancer.
You hit the kobold demonologist. You burn the kobold demonologist.
The kobold demonologist hits you but does no damage.
The deep elf zephyrmancer hits you but does no damage.
Something hits you but does no damage. Something hits you but does no damage.
The deep elf zephyrmancer hits you but does no damage.
Something hits you!
You die...

... #.######
#.....<# # #
#......# . .#
#...#### e## .#
#...#..# #.#..# #
#.....## ##.#..#.##
##..#### ........
#.....#####.#..#.##
#####.§§{§§........
#.§@eK.........
#######.#..#.##
........ #.#..#.#
#.#..# # .## .# .
.#


You could see a deep elf zephyrmancer and a kobold demonologist.

Vanquished Creatures
  Gastronok (D:10)
  A minotaur (Gauntlet)
  A green death (Gauntlet)
  A blizzard demon (Gauntlet)
  A hydra (D:12)
  Erica (D:11)
  A two-headed ogre (D:10)
  2 death scarabs (Gauntlet)
  Urug (D:10)
  A spectral death yak (Gauntlet)
  An ugly thing (D:9)
  2 deep elf pyromancers (D:13)
  A cyclops (shapeshifter) (Gauntlet)
  A gargoyle (D:12)
  3 unseen horrors
  2 kobold demonologists
  2 ice devils (Gauntlet)
  4 trolls
  3 hornets
  A raiju (Gauntlet)
  Grinder (D:6)
  A shadow (D:11)
  25 yaks
  A wyvern (D:9)
  A wraith (D:12)
  A basilisk (D:10)
  A vampire (D:6)
  A spectral komodo dragon (Gauntlet)
  3 steam dragons
  3 vampire mosquitoes (D:12)
  An acid dragon (D:11)
  3 water moccasins (D:6)
  8 orc warriors
  2 hornet zombies
  A black bear (D:6)
  2 ice beasts
  A sky beast (D:6)
  3 ogres
  4 centaurs
  4 kobold brigands
  A gnoll sergeant (D:9)
  5 bullfrogs
  2 scorpions
  A water moccasin skeleton (D:6)
  8 killer bees
  2 bullfrog zombies
  4 centaur zombies
  3 hounds (D:6)
  3 jellies
  A gnoll shaman (D:8)
  3 orc priests
  2 bullfrog skeletons
  A centaur skeleton (D:6)
  5 iguanas
  17 orc wizards
  A hound zombie (D:5)
  3 hound skeletons
  11 gnolls
  6 adders
  A shadow imp (D:6)
  2 white imps
  An adder skeleton (D:4)
  A worm (D:4)
  4 dart slugs
  41 orcs
  5 endoplasms
  5 giant cockroaches
  4 goblins
  9 hobgoblins
  4 jackals (D:2)
  2 quokkas
  6 ball pythons
  3 bats
  2 frilled lizards
  19 kobolds
  3 rats
289 creatures vanquished.

Vanquished Creatures (collateral kills)
  A yak (D:8)
  An orc warrior (D:8)
  A centaur zombie (D:8)
  An orc (D:8)
4 creatures vanquished.

Vanquished Creatures (others)
  An ogre (D:13)
1 creature vanquished.

Grand Total: 294 creatures vanquished

Notes
Turn   | Place    | Note
-------+----------+-------------------------------------------
     0 | D:1      | om the Minotaur Berserker began the quest for the Orb.
     0 | D:1      | Reached XP level 1. HP: 19/19 MP: 0/0
   169 | D:1      | Found a faded altar of an unknown god.
   259 | D:1      | Reached XP level 2. HP: 19/27 MP: 1/1
   382 | D:1      | Reached skill level 4 in Axes
   817 | D:2      | Reached XP level 3. HP: 33/33 MP: 2/2
   852 | D:2      | Reached ** piety under Trog
  1497 | D:3      | Reached XP level 4. HP: 34/40 MP: 3/3
  1561 | D:3      | Reached skill level 5 in Axes
  2476 | D:4      | Found a runed translucent door.
  2476 | D:4      | Noticed a human
  2484 | D:4      | Found a basalt altar of Yredelemnul.
  2516 | D:4      | Noticed a scorpion
  2520 | D:4      | Killed a scorpion
  2521 | D:4      | Reached skill level 6 in Axes
  2521 | D:4      | Reached skill level 1 in Evocations
  2521 | D:4      | Reached XP level 5. HP: 46/46 MP: 4/4
  2812 | D:4      | Identified the +2 leather armour "Jeceacec" {Harm}
  2881 | D:4      | Noticed a hornet
  2886 | D:4      | Killed a hornet
  2887 | D:4      | Reached skill level 7 in Axes
  2887 | D:4      | Reached XP level 6. HP: 55/55 MP: 5/5
  3120 | D:4      | Found a white marble altar of Elyvilon.
  3144 | D:4      | Reached skill level 5 in Fighting
  3375 | D:5      | Entered Level 5 of the Dungeon
  3414 | D:5      | Reached XP level 7. HP: 61/61 MP: 6/6
  3417 | D:5      | Reached *** piety under Trog
  3542 | D:5      | Noticed a +0 spear
  3542 | D:5      | Noticed a +0 falchion
  3543 | D:5      | Noticed a +0 short sword
  3543 | D:5      | Noticed a +0 falchion
  3543 | D:5      | Noticed a +0 dagger
  3543 | D:5      | Noticed a +0 short sword
  3544 | D:5      | Noticed a +0 dagger
  3544 | D:5      | Noticed a +0 spear
  3551 | D:5      | Found a hide-covered altar of Uskayaw.
  4447 | D:6      | Noticed a troll
  4454 | D:6      | Reached XP level 8. HP: 68/68 MP: 7/7
  4461 | D:6      | Killed a troll
  4462 | D:6      | Reached skill level 8 in Axes
  4462 | D:6      | Reached skill level 5 in Dodging
  4484 | D:6      | Reached **** piety under Trog
  4528 | D:6      | Reached XP level 9. HP: 34/74 MP: 8/8
  4727 | D:6      | Reached skill level 9 in Axes
  5481 | D:6      | Found a staircase to the Ecumenical Temple.
  5622 | D:6      | Reached skill level 10 in Axes
  5959 | D:6      | Found Ritopair's Book Boutique.
  5962 | D:6      | Noticed Grinder
  5968 | D:6      | Killed Grinder
  6197 | D:7      | Reached skill level 11 in Axes
  6496 | D:7      | Reached skill level 12 in Axes
  7023 | D:8      | Found a staircase to the Lair.
  7205 | D:8      | Reached XP level 10. HP: 81/81 MP: 9/9
  7216 | D:8      | Reached skill level 13 in Axes
  7237 | D:8      | HP: 4/81 [orc warrior (11)]
  7242 | D:8      | Reached skill level 14 in Axes
  8691 | D:9      | Noticed a cyan ugly thing
  8692 | D:9      | Reached ***** piety under Trog
  8715 | D:9      | Killed a cyan ugly thing
  8720 | D:9      | Reached skill level 15 in Axes
  8882 | D:9      | Found a staircase to the Orcish Mines.
  9108 | Orc:1    | Entered Level 1 of the Orcish Mines
  9367 | D:10     | Entered Level 10 of the Dungeon
  9367 | D:10     | Noticed Urug
  9374 | D:10     | Killed Urug
  9375 | D:10     | Reached XP level 11. HP: 89/89 MP: 10/10
  9703 | D:10     | Found a broken altar of Ashenzari.
  9703 | D:10     | Noticed Gastronok
  9704 | D:10     | Found a sparkling altar of Nemelex Xobeh.
  9705 | D:10     | Noticed a two-headed ogre
  9711 | D:10     | Killed Gastronok
  9712 | D:10     | Reached skill level 5 in Evocations
  9728 | D:10     | Killed a two-headed ogre
  9897 | D:10     | Found a glowing golden altar of the Shining One.
 11075 | D:11     | Found a gate leading to a gauntlet.
 11084 | Gauntlet | Entered a Gauntlet
 11084 | Gauntlet | Found a transporter.
 11092 | Gauntlet | Found a transporter.
 11096 | Gauntlet | Found a transporter.
 11104 | Gauntlet | Found a transporter.
 11108 | Gauntlet | Found a transporter.
 11109 | Gauntlet | Noticed an orb spider
 11114 | Gauntlet | Noticed a green death
 11115 | Gauntlet | an orb spider changed into a komodo dragon
 11116 | Gauntlet | Found a transporter.
 11120 | Gauntlet | Found a transporter.
 11122 | Gauntlet | Noticed a death scarab
 11126 | Gauntlet | Noticed a death scarab
 11128 | Gauntlet | Found a transporter.
 11132 | Gauntlet | Found a transporter.
 11140 | Gauntlet | Noticed a blizzard demon
 11145 | Gauntlet | Found a transporter.
 11172 | Gauntlet | Found a transporter.
 11184 | Gauntlet | Found a transporter.
 11191 | Gauntlet | Noticed a minotaur
 11197 | Gauntlet | Found a transporter.
 11210 | Gauntlet | Found a transporter.
 11363 | Gauntlet | Killed a green death
 11412 | Gauntlet | Killed a death scarab
 11416 | Gauntlet | Killed a death scarab
 11420 | Gauntlet | Reached XP level 12. HP: 82/101 MP: 11/11
 11658 | Gauntlet | Identified the ring of Caungior {Will+ Str+6}
 11686 | Gauntlet | Killed a blizzard demon
 11687 | Gauntlet | Reached skill level 16 in Axes
 11904 | Gauntlet | Identified the +8 tower shield of the Lost Path {Dex+2}
 11923 | Gauntlet | Killed a minotaur
 12284 | Gauntlet | Identified the +2 robe of Shadows and Fog {Int+2}
 12341 | D:11     | Noticed Erica
 12351 | D:11     | Killed Erica
 12472 | D:11     | Reached skill level 1 in Shields
 13009 | D:11     | Reached skill level 10 in Armour
 13175 | D:12     | Noticed a four-headed hydra
 13192 | D:12     | Killed a one-headed hydra
 14107 | D:13     | Reached skill level 10 in Dodging
 14116 | D:13     | Received a gift from Trog
 14120 | D:13     | HP: 4/105 [something (6)]
 14123 | D:13     | Mangled by a deep elf knight

Illustrated notes

Levels and vault maps discovered:
D:1:      eino_arrival_water_star, layout_loops_ring,
          ebering_ecumenical_altar_box, serial_park_tiny_pond
D:2:      layout_loops_ring, corexii_leaking_fountain
D:3:      layout_basic, minivault_14
D:4:      layout_basic, elyvilon_altar_3, dk_yredelemnul_ordeal,
          minmay_diced_spiral
D:5:      layout_basic, nicolae_uskayaw_en_pointe
D:6:      cheibrodos_fzero, layout_basic, minmay_temple_entry_statues_pillars,
          serial_shops, nicolae_shop_trees, uniq_grinder
D:7:      layout_cave_pools, hangedman_abyss_or_decor_stabs
D:8:      layout_basic, lair_entry_dummy, serial_glass, glass_columns_b,
          glass_columns_a, glass_columns_a, glass_columns_b, glass_columns_b,
          glass_columns_b, glass_columns_c, glass_columns_a,
          due_unseen_surprise, feat_on_display, item_on_display_a,
          item_on_display_a, minivault_1
D:9:      layout_loops_ring, orc_0_dummy
D:10:     layout_roguey, grunt_temple_overflow_open, serial_aquarium,
          aquarium_bridge_square [aquarium_subvault_bridge,
          aquarium_subvault_wall, aquarium_subvault_bridge,
          aquarium_subvault_balcony], aquarium_window_fake,
          aquarium_window_fake, aquarium_view_2d, aquarium_view_2e,
          aquarium_balcony_3b, minmay_misc_feat_encased, uniq_gastronok,
          uniq_urug
D:11:     layout_loops_cross, gauntlet_entry_generic, uniq_erica
D:12:     layout_loops_ring, serial_glass, glass_columns_a, glass_columns_c
D:13:     layout_loops_cross, hangedman_vaults_entry_quadrant_bands
Orc:1:    layout_caves, serial_shops, nicolae_shop_trees, basic_altar,
          uniq_fannar

Skill      XL: |  1  2  3  4  5  6  7  8  9 10 11 12 |
---------------+-------------------------------------+-----
Axes           | 4 6 7 8 12 15 16 | 16.5
Fighting       | 4 5 7 9 |  9.4
Armour         | 3 4 7 9 10 | 10.0
Dodging        | 3 4 6 7 8 10 | 10.0
Evocations     | 1 3 4 6 7 |  7.0
Shields        | 4 |  4.0

Action                   |  1- 3 |  4- 6 |  7- 9 | 10-12 || total
-------------------------+-------+-------+-------+-------++-------
Melee: Hand axe          |    72 |    63 |   221 |   480 ||   836
       Headbutt          |     8 |    11 |    44 |   129 ||   192
Invok: Berserk           |     1 |     3 |     2 |    18 ||    24
       Brothers in Arms  |       |       |       |     3 ||     3
Evoke: Wand              |       |       |       |     4 ||     4
  Use: Scroll            |     2 |     2 |     8 |     9 ||    21
       Potion            |       |       |     4 |     4 ||     8
 Stab: Sleeping          |     1 |       |       |       ||     1
       Paralysed         |       |       |       |     3 ||     3
Armor: Animal skin       |     6 |       |       |       ||     6
       Chain mail        |     7 |    34 |    77 |   218 ||   336
Dodge: Dodged            |    35 |    22 |   109 |   223 ||   389
Block: Buckler           |       |       |       |    34 ||    34
       Reflection        |       |       |       |     4 ||     4
